 Dungeon Crawl Stone Soup version 0.31-a0-232-gb1c03b2570 (webtiles) character file.

Game seed: 16192453575945181197

974 qw the Skirmisher (level 7, -1/61 HPs)
             Began as a Minotaur Hexslinger on July 7, 2023.
             Succumbed to a killer bee's poison
             ... on level 4 of the Dungeon.
             The game lasted 00:01:20 (3086 turns).

qw the Skirmisher (Minotaur Hexslinger)             Turns: 3086, Time: 00:01:20

Health: -1/61      AC:  6    Str: 13    XL:     7   Next: 95%
Magic:  7/7        EV: 12    Int: 10    God:
Gold:   231        SH:  0    Dex: 14    Spells: 7/8 levels left

rFire   + . .        f - +3 arbalest (freeze)
rCold   + . .        (shield currently unavailable)
rNeg    . . .        b - +2 robe {rC+ rF+}
rPois   .            (helmet restricted)
rElec   .            (no cloak)
rCorr   .            (no gloves)
SInv    .            i - +1 pair of boots
Will    .....        (no amulet)
Stlth   +            (no ring)
HPRegen 0.30/turn    (no ring)
MPRegen 0.10/turn

%: no passive effects
@: lethally poisoned (-1 -> -16), about to teleport
A: horns 2, retaliatory headbutt
a: no special abilities


You were on level 4 of the Dungeon.
You visited 1 branch of the dungeon, and saw 4 of its levels.
You also visited: Sewer.

You collected 231 gold pieces.


Innate Abilities, Weirdness & Mutations

You have a pair of horns on your head.
You reflexively headbutt those who attack you in melee.


   Skills:
 - Level 5.3 Fighting
 - Level 8.8 Ranged Weapons
 - Level 1.0 Armour
 + Level 2.7 Dodging
 - Level 1.0 Spellcasting
 - Level 2.0 Hexes


You had 7 spell levels left.
You knew the following spells:

 Your Spells              Type           Power      Damage    Failure   Level
a - Slow                  Hex            16%        N/A       16%         1

Your spell library contained the following spells:

 Spells                   Type           Power      Damage    Failure   Level
 Inner Flame              Hex/Fire       2%         N/A       56%         3
 Portal Projectile        Hex/Tloc       4%         N/A       56%         3
 Cause Fear               Hex            2%         N/A       83%         4

Inventory:

Hand Weapons
 f - a +3 arbalest of freezing (weapon)
Armour
 b - a +2 robe of resistance (worn)
 i - a +1 pair of boots (worn)
 j - the +0 leather armour of Gozag's Delight {rPois rN++}
   (You found it in a sewer)

   rPois:     It protects you from poison.
   rN:        It greatly protects you from negative energy.
Scrolls
 e - a scroll of identify
Potions
 a - a potion of resistance {unknown}
 d - a potion of curing
 g - a potion of heal wounds {unknown}
 h - a potion of brilliance {unknown}
 k - a potion of enlightenment

Dungeon Overview and Level Annotations

Branches:
Dungeon (4/15)              Sewer (visited)
 Temple: D:4-7

Altars:
Ashenzari
Makhleb
Yredelemnul


Message History

The killer bee is heavily wounded.
You feel very sick. The killer bee closely misses you.
The killer bee stings you.
A killer bee comes into view.
The killer bee stings you but does no damage.
The killer bee stings you.
You are more poisoned.
The killer bee poisons you! The killer bee stings you.
The killer bee misses you. You furiously retaliate!
You headbutt the killer bee!
You kill the killer bee!
Your Fighting skill increases to level 5!
You shoot a bolt. The bolt misses the killer bee.
You feel very sick. The killer bee stings you.
You are more poisoned.
The killer bee poisons you! The killer bee closely misses you.
The adder bites you but does no damage. The killer bee barely misses you.
You shoot a bolt. The bolt closely misses the killer bee.
You feel extremely sick. The killer bee closely misses you.
The adder bites you but does no damage. The killer bee misses you.
The adder bites you.
You are lethally poisoned!
The adder poisons you! The killer bee stings you.
You are more poisoned.
The killer bee poisons you!
You shoot a bolt. The bolt hits the killer bee.
The bolt freezes the killer bee.
The killer bee is heavily wounded.
You feel extremely sick. The killer bee barely misses you.
You furiously retaliate!
You headbutt the killer bee!
You kill the killer bee!
The adder bites you but does no damage. The adder closely misses you.
3085 ||| READING scroll of teleportation.
As you read the scroll of teleportation, it crumbles to dust.
You feel strangely unstable.
You feel very sick. The adder closely misses you. The adder misses you.
You furiously retaliate!
You headbutt the adder! You shoot a bolt. The bolt closely misses the adder.
You die...

### ..# #.# #.#
########## ####.####
#.##........####........
#...<..................#
.#.@.........##..#.#
#S############..#.. #y
#..### #y #..# # #y #..#
#. ######..# #.
#.......# ..
#...####.### ..# #....


You could see 3 killer bees and an adder.

Vanquished Creatures
  Pikel (D:4)
  A water moccasin (D:4)
  2 bullfrogs (Sewer)
  2 killer bees (D:4)
  A jelly (D:4)
  Jessica (D:2)
  5 adders
  A worm (D:2)
  6 dart slugs
  5 orcs (D:3)
  4 bats
  5 endoplasms
  7 giant cockroaches
  4 goblins
  8 hobgoblins
  3 kobolds (D:1)
  5 quokkas
  13 ball pythons
  7 frilled lizards
  10 rats
91 creatures vanquished.

Notes
Turn   | Place    | Note
-------+----------+-------------------------------------------
     0 | D:1      | qw the Minotaur Hexslinger began the quest for the Orb.
     0 | D:1      | Reached XP level 1. HP: 16/16 MP: 1/1
     0 | D:1      | 0 ||| qw: Version: 0.3-a-46-gb1f654a
     0 | D:1      | 0 ||| qw: Game counter: 2913
     0 | D:1      | 0 ||| qw: Melee chars always use a shield: true
     0 | D:1      | 0 ||| qw: God list: Okawaru
     0 | D:1      | 0 ||| qw: Allow faded altars: false
     0 | D:1      | 0 ||| qw: Do Orc after clearing Dungeon:15 true
     0 | D:1      | 0 ||| qw: Do second Lair branch before Depths: true
     0 | D:1      | 0 ||| qw: Lair rune preference: random
     0 | D:1      | 0 ||| qw: Goals: Normal
     0 | D:1      | 0 ||| PLANNING D:1-11
   150 | D:1      | Reached skill level 3 in Ranged Weapons
   150 | D:1      | Reached XP level 2. HP: 21/23 MP: 2/2
   451 | D:1      | Found a faded altar of an unknown god.
   672 | D:1      | 672 ||| UPGRADING to +1 pair of boots.
   677 | D:1      | 677 ||| UPGRADING to +0 ring mail.
   687 | D:1      | 687 ||| DROPPING +0 robe.
   688 | D:1      | 688 ||| READING 2 scrolls labelled BUITEQUKLE.
   689 | D:1      | 689 ||| READING scroll labelled XULAJIB BIRGHO.
   690 | D:1      | 690 ||| READING scroll labelled KYEPRIMIPH.
   694 | D:1      | 694 ||| READING scroll labelled QURPHA ORCHERUA.
   738 | D:1      | 738 ||| DRINKING 2 emerald potions.
   739 | D:1      | 739 ||| DROPPING scroll of revelation.
   740 | D:1      | 740 ||| DROPPING scroll of poison.
   800 | D:2      | Reached XP level 3. HP: 21/29 MP: 3/3
   989 | D:2      | Noticed Jessica
   994 | D:2      | Killed Jessica
   995 | D:2      | Reached skill level 4 in Ranged Weapons
  1130 | D:2      | Reached skill level 1 in Armour
  1130 | D:2      | Reached XP level 4. HP: 36/36 MP: 4/4
  1513 | D:2      | 1513 ||| UPGRADING to +2 robe of resistance.
  1523 | D:2      | 1523 ||| DROPPING +0 ring mail.
  1524 | D:2      | 1524 ||| DRINKING 2 bubbling emerald potions.
  1547 | D:2      | 1547 ||| DROPPING potion of lignification.
  1562 | D:3      | 1562 ||| PLANNING SEWER
  1641 | D:3      | Found a broken altar of Ashenzari.
  1686 | D:3      | Reached skill level 5 in Ranged Weapons
  2026 | D:3      | Found a glowing drain.
  2027 | D:3      | 2027 ||| READING scroll labelled SECLEA DOPOMADGH.
  2028 | D:3      | 2028 ||| DRINKING 2 brown potions.
  2032 | Sewer    | Entered a sewer
  2044 | Sewer    | 2044 ||| Stepping ~*~*~tactically~*~*~ (water).
  2058 | Sewer    | 2058 ||| Stepping ~*~*~tactically~*~*~ (water).
  2070 | Sewer    | Reached skill level 3 in Fighting
  2070 | Sewer    | Reached XP level 5. HP: 35/45 MP: 5/5
  2262 | Sewer    | Reached skill level 6 in Ranged Weapons
  2262 | Sewer    | Reached XP level 6. HP: 27/51 MP: 6/6
  2383 | Sewer    | Identified the +0 leather armour of Gozag's Delight {rPois
                  | rN++}
  2448 | Sewer    | 2448 ||| Stepping ~*~*~tactically~*~*~ (water).
  2578 | Sewer    | 2578 ||| READING scroll labelled TEDEIKHL WEPHY.
  2579 | Sewer    | 2579 ||| READING scroll labelled SERHEHELIN.
  2579 | Sewer    | Identified a scroll of acquirement
  2579 | Sewer    | 2579 ||| ACQUIRING +3 arbalest of freezing
  2579 | Sewer    | Acquired a +3 arbalest of freezing
  2581 | Sewer    | 2581 ||| SWAPPING to +3 arbalest of freezing.
  2582 | Sewer    | 2582 ||| DROPPING +1 sling.
  2602 | D:3      | 2602 ||| PLANNING D:1-11
  2636 | D:3      | 2636 ||| READING 2 scrolls of identify.
  2636 | D:3      | 2636 ||| IDENTIFYING metallic emerald potion
  2637 | D:3      | 2637 ||| DROPPING potion of attraction.
  2753 | D:4      | Noticed a water moccasin
  2756 | D:4      | Killed a water moccasin
  2845 | D:4      | Found a burning altar of Makhleb.
  2848 | D:4      | Found a basalt altar of Yredelemnul.
  2917 | D:4      | Noticed Pikel
  2927 | D:4      | Killed Pikel
  2928 | D:4      | Reached skill level 8 in Ranged Weapons
  2928 | D:4      | Reached XP level 7. HP: 41/60 MP: 7/7
  2937 | D:4      | 2937 ||| FLEEEEING.
  2938 | D:4      | 2938 ||| FLEEEEING.
  2939 | D:4      | 2939 ||| FLEEEEING.
  2940 | D:4      | 2940 ||| FLEEEEING.
  2941 | D:4      | 2941 ||| FLEEEEING.
  2942 | D:4      | 2942 ||| FLEEEEING.
  2943 | D:4      | 2943 ||| FLEEEEING.
  2948 | D:4      | 2948 ||| FLEEEEING.
  2949 | D:4      | 2949 ||| FLEEEEING.
  2950 | D:4      | 2950 ||| FLEEEEING.
  2951 | D:4      | 2951 ||| FLEEEEING.
  2952 | D:4      | 2952 ||| FLEEEEING.
  2953 | D:4      | 2953 ||| FLEEEEING.
  2954 | D:4      | 2954 ||| FLEEEEING.
  2955 | D:4      | 2955 ||| FLEEEEING.
  2956 | D:4      | 2956 ||| FLEEEEING.
  2957 | D:4      | 2957 ||| FLEEEEING.
  2959 | D:4      | 2959 ||| FLEEEEING.
  2960 | D:4      | 2960 ||| FLEEEEING.
  2961 | D:4      | 2961 ||| FLEEEEING.
  2966 | D:4      | 2966 ||| FLEEEEING.
  2967 | D:4      | 2967 ||| FLEEEEING.
  2970 | D:4      | 2970 ||| STAIRDANCE
  3084 | D:4      | HP: 9/61 [poisoned by a killer bee]
  3085 | D:4      | 3085 ||| READING scroll of teleportation.
  3085 | D:4      | HP: 4/61 [poisoned by a killer bee]
  3086 | D:4      | Succumbed to a killer bee's poison

Levels and vault maps discovered:
D:1:      tarquinn_simple_flora_water_b, layout_loops_ring,
          shapermc_ecumenical_altar_notcrosses
D:2:      layout_loops_ring, uniq_jessica
D:3:      layout_rooms, mainiacjoe_overflow_small_starburst,
          gup_sewer_entry_bowl
D:4:      layout_loops_ring, nicolae_overflow_squiral,
          minmay_temple_entry_poolview, uniq_pikel

Skill      XL: |  1  2  3  4  5  6  7 |
---------------+----------------------+-----
Ranged Weapons | 3 4 5 6 8 |  8.8
Fighting       | 2 3 4 5 |  5.3
Armour         | 1 |  1.0
Dodging        | |  2.7
Spellcasting   | |  1.0
Hexes          | |  2.0

Action                     |  1- 3 |  4- 6 |  7- 9 || total
---------------------------+-------+-------+-------++-------
   Fire: Sling             |   101 |   154 |       ||   255
         Arbalest          |       |    17 |    14 ||    31
    Use: Scroll            |     4 |     4 |     1 ||     9
         Potion            |     1 |     2 |       ||     3
 Armour: Ring mail         |     7 |     4 |       ||    11
         Robe              |     1 |    26 |     7 ||    34
  Dodge: Dodged            |    20 |    42 |    18 ||    80

Table legend:
 A = Non-vault XP
 B = Vault XP
 C = Vault XP percentage of total XP
 D = Non-vault monster count
 E = Vault monster count
 F = Vault count percentage of total count
                 A         B        C        D         E       F
            +---------+---------+-------+---------+---------+-------
      Total |     468 |     924 |  66.4 |      67 |      24 |  26.4
            +---------+---------+-------+---------+---------+-------
        D:1 |      38 |       0 |   0.0 |      20 |       0 |   0.0
        D:2 |      51 |      37 |  42.0 |      22 |       1 |   4.3
        D:3 |      47 |       6 |  11.3 |      15 |       4 |  21.1
        D:4 |     332 |     641 |  65.9 |      10 |       1 |   9.1
      Sewer |       0 |     240 | 100.0 |       0 |      18 | 100.0
            +---------+---------+-------+---------+---------+-------
